 Dungeon Crawl Stone Soup version 0.15-a0-1224-g3833f9c (webtiles) character file.

72 Amnesiac the Magician (level 4, 0/24 HPs)
             Began as a Deep Elf Wizard on June 2, 2014.
             Succumbed to a worker ant's poison
             ... on Level 4 of the Dungeon.
             The game lasted 00:03:37 (1190 turns).

Amnesiac the Magician (Deep Elf Wizard)             Turns: 1190, Time: 00:03:37

HP   0/24        AC  2     Str  4      XL: 4   Next:  7%
MP   2/15        EV  6     Int 29      God:
Gold 67          SH  0     Dex 13      Spells:  5 memorised,  2 levels left

rFire  . . .     SeeInvis .     j - +1,+2 dagger (venom)
rCold  . . .     Clarity  .     a - +0 robe
rNeg   . . .     rCorr    .     (no shield)
rPois  .         rRot     .     b - +0 hat
rElec  .         Spirit   .     (no cloak)
SustAb .         Warding  .     (no gloves)
rMut   .         Stasis   .     (no boots)
Gourm  .                        (no amulet)
MR     +....                    o - cursed -6 ring of evasion
                                k - ring of protection from magic

@: brilliant, lethally poisoned, repel missiles, somewhat resistant to hostile
enchantments, unstealthy
A: no striking features
a: no special abilities


You were on level 4 of the Dungeon.
You were not hungry.

You visited 1 branch of the dungeon, and saw 4 of its levels.

You collected 67 gold pieces.

Inventory:

Hand weapons
 j - a +1,+2 dagger of venom (weapon)
 l - a +0,+0 short sword of speed
Missiles
 h - 22 poisoned needles
Armour
 a - a +0 robe (worn)
 b - a +0 hat (worn)
Comestibles
 d - a bread ration
 n - a meat ration
 r - a rotting chunk of adder flesh
Scrolls
 e - a scroll of random uselessness {unknown}
 f - a scroll of magic mapping {unknown}
 g - a scroll of teleportation {unknown}
 i - a scroll of amnesia {unknown}
 s - a scroll of enchant weapon II {unknown}
Jewellery
 k - a ring of protection from magic (left hand)
 o - a cursed -6 ring of evasion (right hand)
Potions
 m - a potion of paralysis {unknown}
 p - 2 potions of curing {unknown}
Books
 c - a book of Minor Magic

   Spells                             Type                      Level
   *Magic Dart                        Conjuration                  1
   *Blink                             Translocation                2
   *Call Imp                          Summoning                    2
   *Repel Missiles                    Charms/Air                   2
   Slow                               Hexes                        2
   Conjure Flame                      Conjuration/Fire             3
   *Mephitic Cloud                    Conjuration/Poison/Air       3


   Skills:
 - Level 2.4 Dodging
 - Level 2.4 Stealth
 - Level 4.5 Spellcasting
 + Level 4.2 Conjurations
 - Level 1.1 Summonings
 - Level 1.1 Translocations


You had 2 spell levels left.
You knew the following spells:

 Your Spells              Type           Power        Failure   Level  Hunger
a - Repel Missiles        Chrm/Air       ###...       1%          2    None
b - Blink                 Tloc           N/A          1%          2    None
d - Call Imp              Summ           ####....     1%          2    None
e - Mephitic Cloud        Conj/Pois/Air  ####....     1%          3    ##.....
z - Magic Dart            Conj           ####         1%          1    None


Dungeon Overview and Level Annotations

Branches:
Dungeon (4/15)
 Temple: D:4-7

Altars:


Message History

* * * LOW HITPOINT WARNING * * *
You are lethally poisoned!
The worker ant poisons you! The worker ant bites you.
* * * LOW HITPOINT WARNING * * *
Casting: Magic Dart
Confirm with . or Enter, or press ? or * to list all spells.
Aiming: Magic Dart
Press: ? - help, Shift-Dir - straight line, f/p - worker ant
Aim: a worker ant (almost dead)
The magic dart hits the worker ant.
You kill the worker ant!
Your Conjurations skill increases to level 4!
You have reached level 4!
You feel clever.
* * * LOW HITPOINT WARNING * * *
You feel sick.
Drink which item? (? for menu, Esc to quit)
You feel clever all of a sudden.
It was a potion of brilliance.
You die...

###### #..<.#
#....### #....@.#
.................
................
................
...............
.[...........
...........
......... ..#


There were no monsters in sight!

Vanquished Creatures
  A worker ant (D:4)
  2 adders
  2 orcs (D:3)
  4 goblins (D:1)
  4 hobgoblins
  3 quokkas
  2 ball pythons (D:1)
  2 bats (D:1)
  4 giant cockroaches
  2 giant newts
  6 kobolds
  3 rats
35 creatures vanquished.

Notes
Turn   | Place    | Note
--------------------------------------------------------------
     0 | D:1      | Amnesiac, the Deep Elf Wizard, began the quest for the Orb.
     0 | D:1      | Reached XP level 1. HP: 10/10 MP: 6/6
   319 | D:1      | Reached XP level 2. HP: 15/15 MP: 7/9
   326 | D:1      | Learned a level 2 spell: Call Imp
   329 | D:1      | Learned a level 2 spell: Blink
   332 | D:1      | Learned a level 2 spell: Repel Missiles
   923 | D:2      | Reached XP level 3. HP: 17/19 MP: 8/12
   932 | D:2      | Learned a level 3 spell: Mephitic Cloud
  1189 | D:4      | Reached XP level 4. HP: 2/24 MP: 2/15
  1189 | D:4      | HP: 1/24 [poisoned by a worker ant]
  1190 | D:4      | Succumbed to a worker ant's poison

Action                   |  1- 3 |  4- 6 || total
-------------------------+-------+-------++-------
 Cast: Magic Dart        |    75 |     1 ||    76
       Repel Missiles    |     1 |       ||     1
  Use: Potion            |       |     1 ||     1
